 Dungeon Crawl Stone Soup version 0.29.1-12-g30fa7ad0bf (webtiles) character file.

Game seed: 9875747652204676184

196 raph the Changer (level 5, 0/40 HPs)
             Began as a Draconian Transmuter on Dec 29, 2022.
             Slain by an orc wizard
             ... wielding a +2 dagger of freezing
              (1 damage)
             ... on level 4 of the Dungeon.
             The game lasted 00:03:31 (2408 turns).

raph the Changer (Draconian Transmuter)             Turns: 2408, Time: 00:03:31

Health: 0/40       AC:  9    Str: 12    XL:     5   Next: 46%
Magic:  7/8        EV: 12    Int: 16    God:
Gold:   98         SH:  0    Dex: 11    Spells: 2/8 levels left

rFire   . . .      SeeInvis .     - Unarmed
rCold   . . .      Faith    .   (no shield)
rNeg    . . .      Spirit   .   (body armour unavailable)
rPois   .          Reflect  .   (helmet currently unavailable)
rElec   .          Harm     .   (no cloak)
rCorr   .          Rampage  .   (no gloves)
Will    .....                   (boots currently unavailable)
Stlth   +.........              (no amulet)
HPRegen 0.13/turn               n - +4 ring of protection
MPRegen 0.11/turn               (no ring)

@: appendages, wereblooded, slowed, very slow
A: horns 2, talons 2, AC +5, unfitting armour, cold-blooded
a: End Transformation


You were on level 4 of the Dungeon.
You had temporarily grown beastly horns and talons.
You visited 1 branch of the dungeon, and saw 4 of its levels.

You collected 98 gold pieces.

Inventory:

Armour
 l - a +0 buckler
Jewellery
 f - a ring of ice
 n - a +4 ring of protection (left hand)
Wands
 b - a wand of charming (2)
Scrolls
 c - a scroll of vulnerability {unknown}
 m - a scroll of identify
Potions
 a - a potion of lignification
 d - a potion of berserk rage {unknown}
 e - a potion of flight
 g - a potion of heal wounds {unknown}
 h - 3 potions of brilliance {unknown}
 i - a potion of magic {unknown}
 j - a potion of mutation {unknown}
 k - a potion of might {unknown}


   Skills:
 - Level 1.1 Fighting
 - Level 1.7 Dodging
 - Level 3.0 Unarmed Combat
 - Level 2.0 Spellcasting
 + Level 5.7 Transmutations


You had 2 spell levels left.
You knew the following spells:

 Your Spells              Type           Power      Damage    Failure   Level
a - Beastly Appendage     Tmut           40%        N/A       1%          1
b - Wereblood             Tmut           20%        N/A       3%          2
c - Spider Form           Tmut/Pois      10%        N/A       19%         3

Your spell library contained the following spells:

 Spells                   Type           Power      Damage    Failure   Level
 Dazzling Flash           Conj/Hex       2%         N/A       52%         3
 Gell's Gravitas          Tloc           1%         N/A       52%         3
 Teleport Other           Tloc           1%         N/A       52%         3
 Ice Form                 Ice/Tmut       10%        N/A       54%         4
 Iskenderun's Mystic Bla  Conj/Tloc      1%         2d3       90%         4
 Dispersal                Tloc           0%         N/A       100%        6
 Starburst                Conj/Fire      0%         6d3       100%        6


Dungeon Overview and Level Annotations

Branches:
Dungeon (4/15)
 Temple: D:4-7

Altars:


Innate Abilities, Weirdness & Mutations

You have temporarily grown beastly horns and talons.
Your plain brown scales are hard. (AC +5)
You cannot fit into any form of body armour.
You are cold-blooded and may be slowed by cold attacks.


Message History

You resist with some effort.
You closely miss the orc wizard. Your headbutt misses the orc wizard.
The orc wizard is moderately wounded.
Something hits you.
* * * LOW HITPOINT WARNING * * *
Something freezes you.
* * * LOW HITPOINT WARNING * * *
The orc wizard closely misses you.
You bump into the rock wall.
You howl as the wereblood boils in your veins!
You feel less confused.
You hear some strange, mumbled words.
Something tries to affect you, but you resist.
The orc wizard completely misses you.
You hit the orc wizard but do no damage.
You claw the orc wizard, but do no damage.
The orc wizard is moderately wounded.
You hear some strange, mumbled words.
A magic dart appears from out of thin air!
The magic dart hits you!
* * * LOW HITPOINT WARNING * * *
The orc wizard barely misses you.
You hit the orc wizard.
You claw the orc wizard, but do no damage.
The orc wizard is severely wounded.
You howl as the wereblood boils in your veins!
Something hits you but does no damage.
The orc wizard hits you with a +0 dagger.
* * * LOW HITPOINT WARNING * * *
Okay, then.
You barely miss the orc wizard.
You claw the orc wizard, but do no damage.
The orc wizard is severely wounded.
Something hits you but does no damage. The orc wizard barely misses you.
You punch the orc wizard!
You feel a bit better.
You kill the orc wizard!
Something hits you.
* * * LOW HITPOINT WARNING * * *
You feel yourself slow down. Something freezes you.
You die...

#.................
..#.................
#.........!.<.#
##............##
#.............#####
#.#.........).......
................####
.......).{)...#...#
##.....@....###.$.
#.##.##....# ### .
#~.~#....#
#~.≈#...## #~.~#..##
#≈.~#### #~.~# #≈.~#
#~.~#


There were no monsters in sight!

Vanquished Creatures
  A necrophage (D:3)
  Ijyb (D:3)
  Terence (D:3)
  An orc wizard (D:4)
  2 adders
  A worm (D:3)
  3 dart slugs
  3 orcs
  2 ball pythons
  3 bats
  4 endoplasms
  3 giant cockroaches
  9 goblins
  4 hobgoblins
  6 jackals
  5 frilled lizards
  7 kobolds
  2 rats
58 creatures vanquished.

Notes
Turn   | Place    | Note
-------+----------+-------------------------------------------
     0 | D:1      | raph the Draconian Transmuter began the quest for the Orb.
     0 | D:1      | Reached XP level 1. HP: 16/16 MP: 3/3
   262 | D:1      | Reached XP level 2. HP: 23/23 MP: 3/5
   270 | D:1      | Learned a level 2 spell: Wereblood
   405 | D:1      | Reached skill level 3 in Transmutations
  1012 | D:2      | Reached XP level 3. HP: 18/28 MP: 3/6
  1886 | D:3      | Reached skill level 4 in Transmutations
  1894 | D:3      | Learned a level 3 spell: Spider Form
  1984 | D:3      | Noticed Ijyb
  2011 | D:3      | Killed Ijyb
  2012 | D:3      | Reached XP level 4. HP: 33/35 MP: 5/7
  2178 | D:3      | Noticed a necrophage
  2191 | D:3      | Noticed Terence
  2192 | D:3      | Killed a necrophage
  2193 | D:3      | Reached skill level 5 in Transmutations
  2193 | D:3      | Reached XP level 5. HP: 37/40 MP: 5/8
  2199 | D:3      | Killed Terence
  2406 | D:4      | HP: 1/40 [orc wizard/+0 dagger (2)]
  2408 | D:4      | Slain by an orc wizard

Illustrated notes

Levels and vault maps discovered:
D:1:      wander_arrival_chamber, layout_basic, minmay_domino_4
D:2:      layout_basic
D:3:      layout_rooms, uniq_terence, uniq_ijyb
D:4:      layout_rooms, serial_shops, shop_statue,
          amcnicky_mini_rare_corridor_liquid, st_stairs_11

Skill      XL: |  1  2  3  4 |
---------------+-------------+-----
Transmutations | 3 4 5 |  5.7
Fighting       | |  1.1
Dodging        | |  1.7
Unarmed Combat | |  3.0
Spellcasting   | |  2.0

Action                   |  1- 3 |  4- 6 || total
-------------------------+-------+-------++-------
Melee: Unarmed           |    97 |    58 ||   155
       Kick              |    23 |    14 ||    37
       Headbutt          |    12 |     7 ||    19
       Tailslap          |     5 |     9 ||    14
       Punch             |       |     2 ||     2
 Cast: Beastly Appendage |    26 |     6 ||    32
       Wereblood         |     3 |     3 ||     6
  Use: Scroll            |     6 |       ||     6
       Potion            |     2 |       ||     2
Armor: Skin              |    37 |    25 ||    62
Dodge: Dodged            |    78 |    32 ||   110
